 Dungeon Crawl Stone Soup version 0.22-a0-750-ga7dcef7 (webtiles) character file.

3447 Mamutox the Grappler (level 9, -12/86 (88) HPs)
             Began as a Troll Chaos Knight on July 15, 2018.
             Engulfed by a death drake's foul pestilence (17 damage)
             ... on level 7 of the Dungeon.
             The game lasted 00:21:23 (5656 turns).

Mamutox the Grappler (Troll Chaos Knight)           Turns: 5656, Time: 00:21:28

HP:   -12/86 (88)   AC: 13    Str: 28    XL:     9   Next: 77%
MP:   8/8           EV: 14    Int:  8    God:    Xom [..*...]
Gold: 439           SH:  0    Dex: 12    Spells: 8/8 levels left

rFire    . . .     SeeInvis .     - Unarmed
rCold    + . .     Gourm    +   (no shield)
rNeg     + + +     Faith    .   a - +2 robe
rPois    +         Spirit   .   (helmet restricted)
rElec    .         Reflect  .   n - +1 cloak
rCorr    .         Harm     .   (gloves unavailable)
MR       .....     Clarity  +   (boots unavailable)
Stlth    ..........             (no amulet)
HPRegen  0.64/turn              m - ring "Cepilal" {rPois rC+ rN+++ Str+4 Stlth-}
MPRegen  0.11/turn              (no ring)

@: lethally poisoned (-12 -> -44), slowed, very slow
A: large, unfitting armour, claws 3, hooves 1, repulsion field 1, icy blue
scales 1, molten scales 1, clarity, fast metabolism 3, gourmand, regeneration 1,
shaggy fur 1, strong 1, tough skin 2
a: Renounce Religion


You were on level 7 of the Dungeon.
You worshipped Xom.
You were a toy of Xom.
You were very full.

You visited 1 branch of the dungeon, and saw 7 of its levels.

You collected 439 gold pieces.

Inventory:

Missiles
 x - 7 tomahawks (quivered)
Armour
 a - a +2 robe (worn)
 k - a +1 robe of the Archmagi
 n - a +1 cloak (worn)
 t - a scarf of spirit shield
Jewellery
 m - the ring "Cepilal" (left claw) {rPois rC+ rN+++ Str+4 Stlth-}
   (Xom gifted it to you on level 4 of the Dungeon)

   [ring of protection from cold]

   It affects your strength (+4).
   It protects you from cold.
   It protects you from poison.
   It renders you almost immune to negative energy.
   It makes you less stealthy.
Wands
 w - a wand of enslavement (19)
 y - a wand of digging (10)
Scrolls
 d - a scroll of fog {unknown}
 e - 2 scrolls of enchant weapon {unknown}
 h - 3 scrolls of magic mapping
 o - 3 scrolls of amnesia
 s - a scroll of noise {unknown}
 u - 2 scrolls of remove curse
 v - a scroll of teleportation {unknown}
 A - a scroll of blinking {unknown}
Potions
 c - 3 potions of curing
 f - a potion of magic
 g - 2 potions of lignification
 i - 3 potions of cancellation
 l - a potion of ambrosia
 p - 2 potions of might
 r - a potion of resistance
 z - 2 potions of agility
Comestibles
 b - 20 rations
 j - 15 chunks of flesh


   Skills:
 + Level 5.1 Fighting
 + Level 4.7 Throwing
 + Level 4.8 Dodging
 - Level 12.9 Unarmed Combat


You had 8 spell levels left.
You didn't know any spells.
Your spell library was empty.

Dungeon Overview and Level Annotations

Branches:
Dungeon (7/15)
 Temple: D:4-7

Altars:
Cheibriados
Dithmenos
Fedhas
Hepliaklqana
Kikubaaqudgha
Trog
Xom

Shops:
D:5 *


Innate Abilities, Weirdness & Mutations

You are too large for most types of armour.
You have claws for hands.
Your metabolism is lightning-fast.
You like to eat raw meat.
Your natural rate of healing is unusually fast.
You are covered in fur. (AC +1)
You have very tough skin. (AC +2)
You have large cloven feet.
You are surrounded by a mild repulsion field. (EV +2)
You are partially covered in icy blue scales. (AC +2)
You are partially covered in molten scales. (AC +2)
You possess an exceptional clarity of mind.
Your muscles are strong. (Str +2)


Message History

You feel sick.
Your ice beast is engulfed in dark miasma.
Your ice beast dies!
You are engulfed in dark miasma.
You feel yourself slow down.
* * * LOW HITPOINT WARNING * * *
x2 You feel sick.
Unknown command.
You feel better.
The death drake bites you but does no damage.
The death drake breathes miasma at you. The foul vapour engulfs you!
You are poisoned.
You feel your flesh rotting away!
* * * LOW HITPOINT WARNING * * *
As you read the scroll labeled XICRON NIUSK, it crumbles to dust.
You feel blessed for a moment.
It was a scroll of remove curse.
You are engulfed in dark miasma.
You are more poisoned.
You feel your flesh rotting away!
You feel as though you will be slow longer.
You die...
Xom laughs nastily!

#.# .. ... #.## .#
###'## #.o## 5. #
##...4. ##§§## ##.
##..)#o.
##o.###'####..##)##
##§#.....#.)##.oo#
#5#.....#...#.).#
##k###.##'..##...#
#@§#.....#)..#...#
#§§#.....#..##...#
#§§###'####..##)##
##..§......##..)#..
#....#####..##.))..
#######.######
#..###'##
#.....)........
#.....((
#.#############
#......( #.######


You could see a death drake and a quasit.

Vanquished Creatures
  Pikel (D:5)
  2 hippogriffs
  A hungry ghost (D:7)
  Duvessa (D:5)
  A water moccasin (D:5)
  A sky beast (D:7)
  A slave (D:5)
  4 ogres
  An orc warrior (D:7)
  2 centaurs
  Dowan (D:5)
  A wyvern skeleton (D:6)
  2 scorpions
  A water moccasin skeleton (D:6)
  4 wights
  2 crimson imps
  A centaur zombie (D:5)
  A bullfrog zombie (D:5)
  3 bullfrog skeletons
  6 orc priests
  2 hounds
  6 orc wizards
  2 iguanas
  5 worker ants
  A hound skeleton (D:4)
  2 gnolls (D:7)
  A howler monkey skeleton (D:6)
  14 adders
  2 adder skeletons (D:4)
  3 worms
  3 dart slugs
  5 leopard geckos
  21 orcs
  2 giant cockroaches
  5 goblins
  6 hobgoblins
  7 jackals
  5 quokkas
  5 bats
  8 frilled lizards
  3 kobolds
  7 rats
  A fungus (D:6)
153 creatures vanquished.

Vanquished Creatures (collateral kills)
  A water moccasin (D:5)
  A wolf (D:5)
  A wight (D:2)
  An adder (D:5)
4 creatures vanquished.

Vanquished Creatures (others)
  A slave (D:5)
  A centaur (D:5)
  A wight (D:2)
  A hound (D:7)
  An orc (D:7)
  A kobold (D:2)
6 creatures vanquished.

Grand Total: 163 creatures vanquished

Notes
Turn   | Place    | Note
-------+----------+-------------------------------------------
     0 | D:1      | Mamutox the Troll Chaos Knight began the quest for the Orb.
     0 | D:1      | Reached XP level 1. HP: 22/22 MP: 0/0
   282 | D:1      | Reached XP level 2. HP: 28/29 MP: 1/1
   416 | D:1      | XOM: cloud trail
   553 | D:1      | Gained mutation: You are partially covered in icy blue scales. (AC +2) [mutagenic glow]
   593 | D:1      | Gained mutation: Your muscles are strong. (Str +2) [mutagenic glow]
   877 | D:1      | XOM: mild Necr miscast
   983 | D:2      | XOM: stealth player
  1013 | D:2      | XOM: harmless Pois miscast
  1016 | D:2      | XOM: mild Fire miscast
  1018 | D:2      | XOM: harmless Tloc miscast
  1021 | D:2      | Reached XP level 3. HP: 23/35 MP: 2/2
  1068 | D:2      | Reached skill level 4 in Unarmed Combat
  1223 | D:2      | XOM: summons 3 friendly demons
  1228 | D:2      | XOM: destruction
  1229 | D:2      | XOM: god gift: 23 gold pieces
  1232 | D:2      | Reached XP level 4. HP: 43/43 MP: 3/3
  1239 | D:2      | Reached skill level 5 in Unarmed Combat
  1239 | D:2      | XOM: harmless Summ miscast
  1286 | D:2      | XOM: stat loss: -1 Str (21/22)
  1516 | D:2      | Reached XP level 5. HP: 45/49 MP: 4/4
  2050 | D:3      | Found a hazy altar of Hepliaklqana.
  2051 | D:3      | Found a bloodstained altar of Trog.
  2358 | D:3      | Noticed an ogre
  2364 | D:3      | XOM: potion effect (experience)
  2364 | D:3      | Reached skill level 12 in Unarmed Combat
  2364 | D:3      | Reached XP level 6. HP: 58/58 MP: 5/5
  2484 | D:4      | XOM: noise
  2492 | D:4      | Reached skill level 1 in Throwing
  2568 | D:4      | Reached XP level 7. HP: 65/65 MP: 6/6
  2688 | D:4      | XOM is BORED!
  2688 | D:4      | XOM: mild Pois miscast
  2968 | D:4      | XOM: enchant monster (good)
  2986 | D:4      | XOM: harmless Tloc miscast
  3183 | D:4      | XOM: harmless Chrm miscast
  3203 | D:4      | XOM: god gift: smoking lead ring {god gift}
  3204 | D:4      | Got a smoking lead ring {god gift}
  3206 | D:4      | Identified the ring "Cepilal" {rPois rC+ rN+++ Str+4 Stlth-} (Xom gifted it to you on level 4 of the Dungeon)
  3258 | D:4      | XOM: cloud trail
  3259 | D:5      | Entered Level 5 of the Dungeon
  3269 | D:5      | XOM: harmless Tloc miscast
  3308 | D:5      | XOM: divination: detect items
  3505 | D:5      | Found Haytitt's Serpentskin Sales.
  3524 | D:5      | XOM: polymorph water moccasin -> wolf
  3530 | D:5      | HP: 3/67 [wolf (9)]
  3531 | D:5      | XOM: cast spell 'Summon Ice Beast'
  3538 | D:5      | Reached XP level 8. HP: 11/76 MP: 7/7
  3546 | D:5      | XOM: scenery: create altars
  3583 | D:5      | XOM: 2-stop teleportation journey
  3584 | D:5      | Noticed a hippogriff
  3597 | D:5      | Killed a hippogriff
  3742 | D:5      | Noticed Pikel
  3758 | D:5      | Killed Pikel
  3767 | D:5      | Noticed Dowan
  3769 | D:5      | Noticed Duvessa
  3776 | D:5      | Killed Duvessa
  3778 | D:5      | XOM: summons friendly shadow imp
  3785 | D:5      | Killed Dowan
  3816 | D:5      | Found a shadowy altar of Dithmenos.
  3890 | D:5      | Reached XP level 9. HP: 78/84 MP: 8/8
  4435 | D:6      | XOM: give mutations
  4435 | D:6      | Gained mutation: You possess an exceptional clarity of mind. [Xom's grace]
  4435 | D:6      | Gained mutation: You have large cloven feet. [Xom's grace]
  4435 | D:6      | Gained mutation: You are partially covered in molten scales. (AC +2) [Xom's grace]
  4468 | D:6      | XOM: give mutation
  4468 | D:6      | Gained mutation: You are surrounded by a mild repulsion field. (EV +2) [Xom's grace]
  4594 | D:6      | Found a blossoming altar of Fedhas.
  4594 | D:6      | Found an ancient bone altar of Kikubaaqudgha.
  4837 | D:6      | Found a snail-covered altar of Cheibriados.
  5415 | D:7      | XOM: polymorph orc -> rat
  5535 | D:7      | Reached skill level 5 in Fighting
  5538 | D:7      | XOM: confuse monster(s)
  5557 | D:7      | Noticed a wizard
  5557 | D:7      | Noticed a kobold demonologist
  5557 | D:7      | Noticed a death drake
  5557 | D:7      | a wizard changed into a death drake
  5557 | D:7      | XOM: polymorph wizard -> death drake
  5557 | D:7      | Noticed a troll
  5558 | D:7      | Noticed a rust devil
  5562 | D:7      | XOM: 8-stop teleportation journey
  5580 | D:7      | XOM: harmless Ice miscast
  5642 | D:7      | XOM: cast spell 'Cause Fear'
  5645 | D:7      | XOM: smoke on damage
  5648 | D:7      | XOM: cast spell 'Summon Ice Beast'
  5654 | D:7      | HP: 3/87 [death drake] (8)]
  5654 | D:7      | HP: 1/87 [poisoned by a death drake (dark miasma)]
  5656 | D:7      | Engulfed by a death drake's foul pestilence

Vault maps used:
D:1:      eino_arrival_cavern_b
D:3:      gammafunk_temple_overflow_pools, first_ration
D:5:      lemuel_doored_altar, guppyfry_shop_venom, uniq_pikel, uniq_duvessa
D:6:      lemuel_upstairs_altar, grunt_temple_overflow_growth_and_decay,
          cheibriados_altar_1, minmay_misc_feat_four_crosses,
          minmay_gold_behind_fungi, minmay_misc_feat_room
D:7:      minmay_the_grid_octo_tiled_squarecenter, temple_statues, serial_shops,
          kennysheep_mini, nicolae_shop_crystal, uniq_joseph

Skill      XL: |  1  2  3  4  5  6  7  8  9 |
---------------+----------------------------+-----
Dodging        | 2 3 4 |  4.8
Unarmed Combat | 4 5 12 | 12.9
Throwing       | 1 2 3 4 |  4.7
Fighting       | 3 4 5 |  5.1

Action                   |  1- 3 |  4- 6 |  7- 9 || total
-------------------------+-------+-------+-------++-------
Melee: Unarmed           |    69 |    84 |   219 ||   372
       Punch             |       |     1 |    14 ||    15
       Kick              |       |       |    31 ||    31
  Use: Potion            |       |       |     6 ||     6
       Scroll            |       |       |    10 ||    10
 Stab: Sleeping          |     2 |       |       ||     2
       Paralysed         |       |       |     1 ||     1
  Eat: Chunk             |    15 |    14 |    27 ||    56
Armor: Robe              |    32 |    27 |    74 ||   133
       Skin              |       |       |    10 ||    10
Dodge: Dodged            |    37 |    41 |   113 ||   191

Table legend:
 A = Spawn XP
 B = Non-spawn XP
 C = Spawn XP percentage of total XP
 D = Spawn monster count
 E = Non-spawn monster count
 F = Spawn count percentage of total count
 G = Total turns spent on level
                    A         B        C        D         E        F      G
               +---------+---------+-------+---------+---------+-------+---------
         Total |       0 |    4692 |   0.0 |       0 |     155 |   0.0 |  5656
               +---------+---------+-------+---------+---------+-------+---------
           D:1 |       0 |      30 |   0.0 |       0 |      17 |   0.0 |   983
           D:2 |       0 |     174 |   0.0 |       0 |      18 |   0.0 |   841
           D:3 |       0 |     183 |   0.0 |       0 |      15 |   0.0 |   626
           D:4 |       0 |     316 |   0.0 |       0 |      24 |   0.0 |   869
           D:5 |       0 |    1998 |   0.0 |       0 |      29 |   0.0 |  1086
           D:6 |       0 |     437 |   0.0 |       0 |      21 |   0.0 |   869
           D:7 |       0 |    1554 |   0.0 |       0 |      31 |   0.0 |   382
               +---------+---------+-------+---------+---------+-------+---------
